 Dungeon Crawl Stone Soup version 0.24.0-123-gd5b16e6ec5 (webtiles) character file.

Game seed: 6456580620648560956, levelgen mode: deterministic

1411 Lemonice the Charmwright (level 8, -2/64 HPs)
             Began as a Gnoll Skald on Feb 10, 2020.
             Was a Believer of Zin.
             Slain by a slave (4 damage)
             ... led by Pikel
             ... on level 6 of the Dungeon.
             The game lasted 00:16:26 (6229 turns).

Lemonice the Charmwright (Gnoll Skald)              Turns: 6229, Time: 00:16:27

Health: -2/64      AC: 11    Str: 16    XL:     8   Next: 70%
Magic:  13/17      EV: 15    Int: 15    God:    Zin [**....]
Gold:   228        SH:  7    Dex: 15    Spells: 14/19 levels left

rFire    . . .     SeeInvis +   H - +4 short sword (venom)
rCold    . . .     Gourm    +   B - +2 buckler
rNeg     . . .     Faith    .   b - +0 leather armour
rPois    +         Spirit   .   (no helmet)
rElec    .         Reflect  .   (no cloak)
rCorr    .         Harm     .   p - +0 pair of gloves
MR       .....                  (no boots)
Stlth    ++........             q - amulet of the gourmand
HPRegen  0.20/turn              j - ring of see invisible
MPRegen  0.15/turn              l - ring of poison resistance

@: icy armour, infused, lightly drained
A: distributed training, fangs 1, strong nose
a: Recite, Vitalisation, Donate Gold, Renounce Religion


You were on level 6 of the Dungeon.
You worshipped Zin.
Zin was pleased with you.
You were not hungry.

You visited 1 branch of the dungeon, and saw 6 of its levels.

You collected 253 gold pieces.
You donated 25 gold pieces to Zin.

Inventory:

Hand Weapons
 a - a +0 spear
 w - a +0 long sword of electrocution
 y - a +0 dagger of speed
 H - a +4 short sword of venom (weapon)
Missiles
 K - a throwing net (quivered)
Armour
 b - a +0 leather armour (worn)
 f - a +0 shield
 p - a +0 pair of gloves (worn)
 B - a +2 buckler (worn)
 G - a +0 pair of gloves
Jewellery
 j - a ring of see invisible (left hand)
 l - a ring of poison resistance (right hand)
 q - an amulet of the gourmand (around neck)
 x - an uncursed ring of ice
 L - an uncursed ring of stealth {unknown}
Wands
 A - a wand of disintegration (10)
 F - a wand of iceblast (3)
Scrolls
 e - 4 scrolls of magic mapping
 g - 5 scrolls of remove curse
 h - 2 scrolls of fog {unknown}
 k - 3 scrolls of identify {unknown}
 m - 4 scrolls of amnesia {unknown}
 n - 2 scrolls of noise {unknown}
 o - 2 scrolls of enchant armour {unknown}
 r - a scroll of teleportation {unknown}
 u - a scroll of blinking {unknown}
 E - a scroll of immolation {unknown}
Potions
 c - 5 potions of curing {unknown}
 i - a potion of ambrosia
 s - a potion of mutation {unknown}
 t - 2 potions of agility {unknown}
 v - 3 potions of degeneration {unknown}
 z - a potion of brilliance {unknown}
 C - a potion of heal wounds {unknown}
 D - a potion of flight {unknown}
 I - a potion of cancellation {unknown}
 J - a potion of magic {unknown}
Comestibles
 d - 13 rations


   Skills:
 + Level 5.8(5.5) Fighting
 + Level 3.4(3.1) Short Blades
 + Level 3.4(3.1) Long Blades
 + Level 3.4(3.1) Axes
 + Level 3.4(3.1) Maces & Flails
 + Level 5.8(5.5) Polearms
 + Level 3.4(3.1) Staves
 + Level 3.4(3.1) Slings
 + Level 3.4(3.1) Bows
 + Level 3.4(3.1) Crossbows
 + Level 3.4(3.1) Throwing
 + Level 4.3(4.0) Armour
 + Level 5.8(5.5) Dodging
 + Level 3.4(3.1) Stealth
 + Level 3.4(3.1) Shields
 + Level 3.4(3.1) Unarmed Combat
 + Level 6.1(5.8) Spellcasting
 + Level 2.8(2.5) Conjurations
 + Level 2.8(2.5) Hexes
 + Level 6.2(5.9) Charms
 + Level 2.8(2.5) Summonings
 + Level 2.8(2.5) Necromancy
 + Level 2.8(2.5) Translocations
 + Level 2.8(2.5) Transmutations
 + Level 2.8(2.5) Fire Magic
 + Level 2.8(2.5) Ice Magic
 + Level 2.8(2.5) Air Magic
 + Level 2.8(2.5) Earth Magic
 + Level 2.8(2.5) Poison Magic
 + Level 3.8(3.5) Invocations
 + Level 3.4(3.1) Evocations


You had 14 spell levels left.
You knew the following spells:

 Your Spells              Type           Power        Failure   Level  Hunger
a - Infusion              Chrm           ###.         1%          1    None
b - Confusing Touch       Hex            ##....       7%          1    None
c - Ozocubu's Armour      Chrm/Ice       ###.....     11%         3    ###....

Your spell library contained the following spells:

 Spells                   Type           Power        Failure   Level  Hunger
 Song of Slaying          Chrm           ###.....     2%          2    #......
 Shroud of Golubria       Chrm/Tloc      ###...       5%          2    #......
 Corona                   Hex            ##.....      7%          1    None
 Freeze                   Ice            ##..         7%          1    None
 Ensorcelled Hibernation  Hex/Ice        ##....       11%         2    #......
 Throw Frost              Conj/Ice       ##....       11%         2    #......
 Regeneration             Chrm/Necr      ###.......   11%         3    ###....
 Spectral Weapon          Hex/Chrm       ###.....     11%         3    ###....
 Confuse                  Hex            ##......     21%         3    ###....
 Dazzling Spray           Conj/Hex       ##....       21%         3    ###....
 Gell's Gravitas          Tloc           ##........   21%         3    ###....
 Tukima's Dance           Hex            ##......     21%         3    ###....
 Petrify                  Tmut/Erth      ##......     56%         4    ####...
 Summon Ice Beast         Ice/Summ       ##......     56%         4    ####...
 Throw Icicle             Conj/Ice       ##......     56%         4    ####...
 Metabolic Englaciation   Hex/Ice        ##........   88%         5    ######.
 Yara's Violent Unravell  Hex/Tmut       ##........   88%         5    ######.


Dungeon Overview and Level Annotations

Branches:
Dungeon (6/15)
 Temple: D:4-7

Altars:
Ashenzari
Elyvilon
Fedhas
Nemelex Xobeh
Okawaru
Trog
Vehumet
Xom
Yredelemnul
Zin

Annotations:
D:6 Pikel


Innate Abilities, Weirdness & Mutations

Your experience applies equally to all skills.
You have very sharp teeth.
Your uncanny sense of smell can sniff out nearby items.


Message History

The heat melts your icy armour.
You hit Pikel.
Pikel looks as sick as possible!
Pikel is severely wounded.
The slave closely misses you. The slave hits you but does no damage.
The slave hits you.
* * * LOW HITPOINT WARNING * * *
Pikel zaps a wand.
You struggle to resist.
You block the slave's attack.
You hit Pikel.
Pikel is almost dead.
The slave closely misses you. The slave barely misses you.
The slave hits you but does no damage. Pikel misses you.
The slave completely misses you.
You closely miss Pikel.
Pikel is almost dead.
You block the slave's attack. The slave misses you. Pikel misses you.
The slave barely misses you.
You hit Pikel but do no damage.
Pikel looks as sick as possible!
Pikel is almost dead.
The slave hits you.
You die...

.........## ..
#....(....##.#
#...........!# ∆
#............#
#...........?+
##...........#
##........#..###
#......pKp#....###
.......p@p........
........#####(..$.
.........# #..... ##
.........# #....##
.. ....####.#
#.....# ##.. ###
##.#### #....###...
#..##.####..###....
#...........#.#..[.
###.⌠.⌠.............


You could see Pikel and 4 slaves.

Vanquished Creatures
  Grinder (D:3)
  Sigmund (D:3)
  Duvessa (D:4)
  A black bear (D:6)
  An ice beast (D:6)
  2 centaurs
  Dowan (D:4)
  3 wights (D:6)
  A howler monkey (D:3)
  A crimson imp (D:5)
  A bullfrog zombie (D:5)
  A hound (D:5)
  An orc wizard (D:4)
  Ijyb (D:5)
  2 worker ants
  A howler monkey zombie (D:5)
  11 adders
  A shadow imp (D:5)
  An ooze (D:2)
  4 worms
  2 dart slugs
  4 leopard geckos
  5 orcs (D:4)
  A giant cockroach (D:4)
  6 goblins
  8 hobgoblins
  13 jackals
  2 quokkas
  A ball python (D:1)
  9 bats
  6 frilled lizards
  A jackal skeleton (D:5)
  6 kobolds
  A quokka skeleton (D:5)
  6 rats
108 creatures vanquished.

Notes
Turn   | Place    | Note
-------+----------+-------------------------------------------
     0 | D:1      | Lemonice the Gnoll Skald began the quest for the Orb.
     0 | D:1      | Reached XP level 1. HP: 20/20 MP: 6/6
   124 | D:1      | Reached XP level 2. HP: 26/26 MP: 7/7
   839 | D:2      | Reached XP level 3. HP: 30/31 MP: 9/9
   913 | D:2      | Reached skill level 5 in Spellcasting
  1010 | D:2      | Reached skill level 1 in Invocations
  1017 | D:2      | Found a basalt altar of Yredelemnul.
  1281 | D:2      | Reached skill level 1 in Short Blades
  1281 | D:2      | Reached skill level 1 in Long Blades
  1281 | D:2      | Reached skill level 1 in Axes
  1281 | D:2      | Reached skill level 1 in Maces & Flails
  1281 | D:2      | Reached skill level 1 in Staves
  1281 | D:2      | Reached skill level 1 in Slings
  1281 | D:2      | Reached skill level 1 in Bows
  1281 | D:2      | Reached skill level 1 in Crossbows
  1281 | D:2      | Reached skill level 1 in Throwing
  1281 | D:2      | Reached skill level 1 in Stealth
  1281 | D:2      | Reached skill level 1 in Shields
  1281 | D:2      | Reached skill level 1 in Unarmed Combat
  1281 | D:2      | Reached skill level 1 in Evocations
  1281 | D:2      | Reached XP level 4. HP: 26/38 MP: 11/11
  1852 | D:2      | Reached skill level 1 in Conjurations
  1852 | D:2      | Reached skill level 1 in Hexes
  1852 | D:2      | Reached skill level 1 in Summonings
  1852 | D:2      | Reached skill level 1 in Necromancy
  1852 | D:2      | Reached skill level 1 in Translocations
  1852 | D:2      | Reached skill level 1 in Transmutations
  1852 | D:2      | Reached skill level 1 in Fire Magic
  1852 | D:2      | Reached skill level 1 in Ice Magic
  1852 | D:2      | Reached skill level 1 in Air Magic
  1852 | D:2      | Reached skill level 1 in Earth Magic
  1852 | D:2      | Reached skill level 1 in Poison Magic
  2287 | D:3      | Noticed Sigmund
  2296 | D:3      | Killed Sigmund
  2296 | D:3      | Reached XP level 5. HP: 34/43 MP: 12/12
  2296 | D:3      | Reached XP level 6. HP: 40/50 MP: 13/13
  2347 | D:3      | Found a shattered altar of Ashenzari.
  2361 | D:3      | Found a shimmering altar of Xom.
  2361 | D:3      | Found a white marble altar of Elyvilon.
  2362 | D:3      | Found a glowing silver altar of Zin.
  2376 | D:3      | Became a worshipper of Zin the Law-Giver
  2376 | D:3      | Reached * piety under Zin
  2601 | D:3      | Noticed Grinder
  2622 | D:3      | Reached skill level 5 in Fighting
  2622 | D:3      | Reached skill level 5 in Polearms
  2622 | D:3      | Reached skill level 5 in Dodging
  2993 | D:3      | Found a bloodstained altar of Trog.
  3079 | D:3      | Paralysed by Grinder for 2 turns
  3089 | D:3      | Killed Grinder
  3089 | D:3      | Reached XP level 7. HP: 27/56 MP: 15/15
  3870 | D:4      | Noticed Dowan
  3880 | D:4      | Killed Dowan
  3888 | D:4      | Learned a level 1 spell: Confusing Touch
  3891 | D:4      | Noticed Duvessa
  3907 | D:4      | Killed Duvessa
  3909 | D:4      | Reached ** piety under Zin
  4849 | D:4      | Reached XP level 8. HP: 62/63 MP: 0/16
  5034 | D:5      | Entered Level 5 of the Dungeon
  5065 | D:5      | Learned a level 3 spell: Ozocubu's Armour
  5261 | D:5      | Noticed Ijyb
  5314 | D:5      | Killed Ijyb
  5396 | D:5      | Found an iron altar of Okawaru.
  5396 | D:5      | Found a blossoming altar of Fedhas.
  5401 | D:5      | Found a faded altar of an unknown god.
  5403 | D:5      | Found a radiant altar of Vehumet.
  5405 | D:5      | Found a faded altar of an unknown god.
  6138 | D:6      | Found a sparkling altar of Nemelex Xobeh.
  6211 | D:6      | Noticed Pikel
  6226 | D:6      | HP: 1/64 [slave[Pikel] (3)]
  6229 | D:6      | Slain by a slave

Levels and vault maps discovered:
D:1:      minmay_arrival_glassed_features, layout_loops_ring
D:2:      layout_basic, yredelemnul_altar_generic, first_ration,
          minmay_fractal_squares_gapless_5
D:3:      layout_rooms, chequers_temple_overflow_statue_of_worship,
          lemuel_round_altar, uniq_grinder, uniq_sigmund
D:4:      layout_cave_pods, uniq_duvessa
D:5:      cheibrodos_quashed, layout_basic, chequers_temple_overflow_minitemple,
          uniq_ijyb
D:6:      layout_cave_pools, nemelex_xobeh_ov_fountains_minmay,
          gammafunk_temple_overflow_pools, minmay_temple_entry_glassed_door,
          uniq_edmund, uniq_blork_the_orc, uniq_pikel

Skill      XL: |  1  2  3  4  5  6  7  8 |
---------------+-------------------------+-----
Spellcasting   | 5 6 |  6.1
Invocations    | 1 2 3 |  3.8
Short Blades   | 1 2 3 |  3.4
Long Blades    | 1 2 3 |  3.4
Axes           | 1 2 3 |  3.4
Maces & Flails | 1 2 3 |  3.4
Staves         | 1 2 3 |  3.4
Slings         | 1 2 3 |  3.4
Bows           | 1 2 3 |  3.4
Crossbows      | 1 2 3 |  3.4
Throwing       | 1 2 3 |  3.4
Stealth        | 1 2 3 |  3.4
Shields        | 1 2 3 |  3.4
Unarmed Combat | 1 2 3 |  3.4
Evocations     | 1 2 3 |  3.4
Conjurations   | 1 2 |  2.8
Hexes          | 1 2 |  2.8
Summonings     | 1 2 |  2.8
Necromancy     | 1 2 |  2.8
Translocations | 1 2 |  2.8
Transmutations | 1 2 |  2.8
Fire Magic     | 1 2 |  2.8
Ice Magic      | 1 2 |  2.8
Air Magic      | 1 2 |  2.8
Earth Magic    | 1 2 |  2.8
Poison Magic   | 1 2 |  2.8
Armour         | 3 4 |  4.3
Fighting       | 5 |  5.8
Polearms       | 5 |  5.8
Dodging        | 5 |  5.8
Charms         | 6 |  6.2

Action                   |  1- 3 |  4- 6 |  7- 9 || total
-------------------------+-------+-------+-------++-------
Melee: Spear             |   149 |   132 |    52 ||   333
       Bite              |    13 |    21 |    50 ||    84
       Whip              |       |    62 |       ||    62
       Dagger            |       |       |   210 ||   210
       Short sword       |       |       |    97 ||    97
 Cast: Confusing Touch   |       |       |     9 ||     9
       Infusion          |       |       |     7 ||     7
       Ozocubu's Armour  |       |       |     5 ||     5
  Use: Potion            |       |     4 |       ||     4
       Scroll            |       |       |     2 ||     2
 Stab: Sleeping          |     2 |     2 |     1 ||     5
       Confused          |       |       |     8 ||     8
       Distracted        |       |       |     1 ||     1
  Eat: Chunk             |     1 |     4 |    12 ||    17
       Ration            |       |     1 |       ||     1
Armor: Leather armour    |    18 |    24 |    64 ||   106
Dodge: Dodged            |    47 |    86 |   138 ||   271
Block: Shield            |    37 |    72 |    28 ||   137
       Buckler           |       |       |    81 ||    81
